 Dungeon Crawl Stone Soup version 0.29.0-13-gc9e81de378 (webtiles) character file.

Game seed: 12898363534318479828

3030 mtoz the Covered (level 9, -6/56 HPs)
             Began as a Gargoyle Fighter on Sept 7, 2022.
             Killed from afar by a steam dragon (11 damage)
             ... with a ball of steam
             ... on level 7 of the Dungeon.
             The game lasted 00:27:43 (8259 turns).

mtoz the Covered (Gargoyle Fighter)                 Turns: 8259, Time: 00:27:44

Health: -6/56      AC: 20    Str: 23    XL:     9   Next: 86%
Magic:  9/9        EV:  9    Int: 10    God:
Gold:   373        SH:  5    Dex:  9    Spells: 8/8 levels left

rFire   . . .      SeeInvis .   a - +1 war axe
rCold   . . .      Faith    .   o - orb {*Rage}
rNeg    + . .      Spirit   .   g - +0 chain mail
rPois   ∞          Reflect  +   (no helmet)
rElec   +          Harm     .   w - +0 cloak
rCorr   .          Rampage  .   (no gloves)
Will    .....      Rage     20% q - +1 pair of boots
Stlth   ..........              k - amulet of reflection
HPRegen 0.18/turn               (no ring)
MPRegen 0.11/turn               (no ring)

@: mighty, on berserk cooldown, slowed, very slow
A: sickness immunity, AC +6, negative energy resistance 1, electricity
resistance, torment resistance 1, petrification resistance
a: no special abilities


You were on level 7 of the Dungeon.
You visited 2 branches of the dungeon, and saw 8 of its levels.

You collected 421 gold pieces.
You spent 48 gold pieces at shops.

Inventory:

Hand Weapons
 a - a +1 war axe (weapon)
 b - a +0 sling
 p - a +0 mace
 r - a +2 mace
 v - a +4 quarterstaff of chaos
 x - a +0 hammer
 y - a +0 flail
 A - a +0 trident
 B - a +2 halberd
 C - a +0 war axe
 D - a +0 morningstar
 F - a +0 shortbow
 G - a +4 dire flail
 H - a +3 dire flail
 I - a +2 mace
Armour
 c - a +0 buckler
 g - a +0 chain mail (worn)
 o - an orb of wrath (worn)
 q - a +1 pair of boots (worn)
 w - a +0 cloak (worn)
Jewellery
 k - an amulet of reflection (around neck)
Scrolls
 f - 2 scrolls of amnesia
 m - 3 scrolls of fear
 n - 2 scrolls of enchant weapon
 s - 4 scrolls of teleportation
 t - a scroll of magic mapping
 u - 3 scrolls of blinking
 E - a scroll of identify
Potions
 e - a potion of ambrosia
 h - 7 potions of lignification
 i - a potion of attraction {unknown}
 j - 2 potions of curing
 l - 2 potions of brilliance
 z - a potion of degeneration {unknown}


   Skills:
 + Level 6.8 Fighting
 + Level 5.2 Axes
 + Level 5.1 Ranged Weapons
 + Level 6.9 Armour
 + Level 4.2 Dodging
 + Level 6.9 Shields


You had 8 spell levels left.
You didn't know any spells.
Your spell library contained the following spells:

 Spells                   Type           Power      Damage    Failure   Level
 Blink                    Tloc           0%         N/A       98%         2
 Scorch                   Fire           0%         2d5       98%         2
 Inner Flame              Hex/Fire       0%         N/A       100%        3
 Ozocubu's Armour         Ice            0%         N/A       100%        3
 Cause Fear               Hex            0%         N/A       100%        4
 Flame Wave               Conj/Fire      0%         2d4       100%        4
 Manifold Assault         Tloc           0%         N/A       100%        5
 Metabolic Englaciation   Hex/Ice        0%         N/A       100%        5
 Simulacrum               Ice/Necr       0%         N/A       100%        6
 Summon Cactus Giant      Summ           0%         N/A       100%        6
 Storm Form               Tmut/Air       0%         N/A       100%        7
 Discord                  Hex            0%         N/A       100%        8


Dungeon Overview and Level Annotations

Branches:
Dungeon (7/15)             Temple (1/1) D:4

Altars:
Ashenzari
Dithmenos
Elyvilon
Fedhas
Gozag
Hepliaklqana
Kikubaaqudgha
Makhleb
Nemelex Xobeh
Qazlal
Ru
Sif Muna
Trog
Uskayaw
Vehumet
Wu Jian
Xom
Yredelemnul
Zin
The Shining One

Shops:
D:4 :   D:5 *


Innate Abilities, Weirdness & Mutations

You are immune to sickness and miasma.
Your stone body is resilient. (AC +6)
You are immune to poison.
You resist negative energy. (rN+)
You are resistant to electric shocks. (rElec)
You are resistant to unholy torment.
You are immune to petrification.


Message History

The ball of steam hits you but does no damage.
You hear a shout!
a - a +1 war axe (weapon)
Found 17 gold pieces.
The steam dragon bites you! The steam dragon completely misses you.
The steam dragon closely misses you.
The steam dragon claws you but does no damage.
You hit the steam dragon.
The steam dragon is lightly wounded.
You are engulfed in a cloud of scalding steam.
The steam dragon completely misses you. The steam dragon barely misses you.
You block the steam dragon's attack.
The steam dragon claws you but does no damage.
You closely miss the steam dragon.
The steam dragon bites you but does no damage.
The steam dragon barely misses you. The steam dragon breathes steam at you.
The ball of steam hits you!
You hear a shout!
Something shouts, "Fly, thou fobbing fat-kidneyed tinkerer!"
Okay, then.
You hit the steam dragon.
The steam dragon is lightly wounded.
The steam dragon bites you.
* * * LOW HITPOINT WARNING * * *
The steam dragon closely misses you.
You feel very mighty all of a sudden. The steam dragon breathes steam at you.
The ball of steam hits you!
* * * LOW HITPOINT WARNING * * *
The steam dragon bites you.
* * * LOW HITPOINT WARNING * * *
The steam dragon barely misses you.
Something shouts, "Quit, thou baffled ill-nurtured nothing!"
You hear a shout!
You slice the steam dragon!!
The steam dragon is severely wounded.
You are engulfed in a cloud of scalding steam.
The steam dragon breathes steam at you. The ball of steam hits you!
You die...

.............#
.........###.#
..#.......
#.#### #
#####.#.##....#
#.#...###..#
..###..## .#
...# ##..# #
... ##.##.##.$
#@D......
#...........
######...(..
.###.. .# # . .


You could see a steam dragon (catching breath).

Vanquished Creatures
  A steam dragon (D:6)
  A water moccasin (D:6)
  2 ice beasts (D:6)
  A black bear (D:4)
  A sky beast (D:6)
  3 ogres
  2 centaurs
  A kobold brigand (D:6)
  A phantom (D:5)
  A bullfrog (D:6)
  2 necrophages
  5 scorpions
  13 wights
  A howler monkey (D:5)
  3 hounds
  3 jellies
  Crazy Yiuf (D:2)
  2 orc priests (D:4)
  Jessica (D:2)
  7 iguanas
  2 orc wizards
  8 adders
  An ufetubus (D:4)
  3 dart slugs
  16 orcs
  3 ball pythons
  A bat (D:1)
  4 endoplasms
  A giant cockroach (D:3)
  10 goblins
  6 hobgoblins
  22 kobolds
  3 quokkas
  A frilled lizard (D:1)
  6 rats
139 creatures vanquished.

Vanquished Creatures (others)
  4 fungi (D:2)
  10 plants (D:1)
14 creatures vanquished.

Grand Total: 153 creatures vanquished

Notes
Turn   | Place    | Note
-------+----------+-------------------------------------------
     0 | D:1      | mtoz the Gargoyle Fighter began the quest for the Orb.
     0 | D:1      | Reached XP level 1. HP: 14/14 MP: 1/1
    96 | D:1      | Found a faded altar of an unknown god.
   187 | D:1      | Reached XP level 2. HP: 14/19 MP: 2/2
   796 | D:1      | Reached XP level 3. HP: 18/23 MP: 3/3
  1142 | D:2      | Noticed Jessica
  1204 | D:2      | Killed Jessica
  1205 | D:2      | Reached skill level 1 in Ranged Weapons
  1205 | D:2      | Reached XP level 4. HP: 29/29 MP: 4/4
  2062 | D:2      | Found a runed translucent door.
  2063 | D:2      | Noticed Crazy Yiuf
  2069 | D:2      | Killed Crazy Yiuf
  2070 | D:2      | Reached skill level 1 in Dodging
  2294 | D:3      | Noticed a +0 falchion
  2294 | D:3      | Noticed a +0 spear
  2294 | D:3      | Noticed a +0 dagger
  2297 | D:3      | Reached XP level 5. HP: 33/33 MP: 5/5
  2345 | D:3      | Noticed a +0 short sword
  2345 | D:3      | Noticed a +0 dagger
  2406 | D:3      | Noticed a +0 spear
  2410 | D:3      | Noticed a +0 short sword
  2410 | D:3      | Noticed a +0 falchion
  2422 | D:3      | Found a hide-covered altar of Uskayaw.
  3195 | D:4      | Found a staircase to the Ecumenical Temple.
  3483 | D:4      | Reached XP level 6. HP: 32/38 MP: 6/6
  3538 | D:4      | Found Galuoll's Book Emporium.
  3617 | D:4      | Found a sacrificial altar of Ru.
  3880 | D:4      | Reached XP level 7. HP: 25/44 MP: 7/7
  4167 | D:4      | Found an ancient bone altar of Kikubaaqudgha.
  4472 | D:5      | Entered Level 5 of the Dungeon
  4573 | D:5      | Reached skill level 5 in Armour
  4627 | D:5      | Found Lerabir's Assorted Antiques.
  4641 | D:5      | Reached skill level 5 in Fighting
  4641 | D:5      | Reached skill level 5 in Shields
  4659 | D:5      | Bought a scroll of identify for 48 gold pieces
  4744 | D:5      | Reached XP level 8. HP: 39/49 MP: 8/8
  5641 | D:5      | Found a hazy altar of Hepliaklqana.
  5642 | D:5      | Found a shimmering altar of Xom.
  5643 | D:5      | Noticed a spectral ugly thing
  6185 | D:6      | Reached XP level 9. HP: 55/55 MP: 9/9
  6952 | Temple   | Entered the Ecumenical Temple
  7585 | D:6      | Reached skill level 5 in Axes
  7868 | D:6      | Reached skill level 5 in Ranged Weapons
  8259 | D:7      | Killed from afar by a steam dragon

Illustrated notes

Levels and vault maps discovered:
D:1:      scummos_arrival_hexagon, layout_basic,
          hellmonk_ecumenical_altar_heavens_door, lexackson_kobold_supper
D:2:      layout_loops_ring, minmay_ruptured, uniq_jessica,
          uniq_crazy_yiuf_cottage
D:3:      layout_loops_ring, nicolae_uskayaw_en_pointe
D:4:      layout_loops_ring, amcnicky_altar_gilded, lemuel_round_altar,
          minmay_temple_entry_stoned_glass, serial_shops, shop_fountains,
          grunt_ministairs_5
D:5:      layout_basic, regret_index_temple_of_mockery, serial_shops,
          nicolae_stop_n_shop_1
D:6:      layout_basic, serial_curves, eino_curves_01, eino_curves_03
D:7:      layout_rooms, chei_slow_surprise, lightli_minifort
Temple:   nicolae_temple_superstar

Skill      XL: |  1  2  3  4  5  6  7  8  9 |
---------------+----------------------------+-----
Axes           | 2 3 4 5 |  5.2
Ranged Weapons | 1 2 3 4 5 |  5.1
Dodging        | 1 2 3 4 |  4.2
Fighting       | 4 5 6 |  6.8
Armour         | 4 5 6 |  6.9
Shields        | 4 5 6 |  6.9

Action                   |  1- 3 |  4- 6 |  7- 9 || total
-------------------------+-------+-------+-------++-------
Melee: War axe           |    73 |   152 |   250 ||   475
 Fire: Sling             |       |       |    12 ||    12
  Use: Scroll            |       |     9 |     5 ||    14
       Potion            |       |       |     2 ||     2
Armor: Scale mail        |     7 |       |       ||     7
       Chain mail        |    28 |    94 |   152 ||   274
Dodge: Dodged            |    19 |    49 |   102 ||   170
Block: Buckler           |    23 |       |       ||    23
       Orb               |     2 |    51 |    64 ||   117
       Reflection        |       |       |     3 ||     3
